 Dungeon Sprint DCSS version 0.20.1-1-g8b1a95d66d (webtiles) character file.

6476 Groucho the Unseen (level 10, -4/52 HPs)
             Began as a Felid Fighter on Jan 2, 2018.
             Was a Priest of Uskayaw.
             Killed by nerve-wracking pain
             ... invoked by an orc high priest
              (12 damage)
             ... in the Dungeon (Sprint IX: "|||||||||||||||||||||||||||||").
             The game lasted 00:06:14 (3449 turns).

Groucho the Unseen (Felid Fighter)                  Turns: 3449, Time: 00:06:15

Health: -4/52      AC:  4    Str: 13    XL:     10   Next: 68%
Magic:  15/19      EV: 30    Int: 14    God:    Uskayaw [***...]
Gold:   1550       SH:  0    Dex: 17    Spells: 9/9 levels left
                                        Lives:  0   Deaths: 3

rFire    . . .     SeeInvis +     - Unarmed
rCold    . . .     Gourm    .   (shield unavailable)
rNeg     . . .     Faith    .   (armour unavailable)
rPois    .         Spirit   .   (helmet unavailable)
rElec    .         Reflect  .   (cloak unavailable)
rCorr    .         Harm     .   (gloves unavailable)
MR       +....     NoTele   +   (boots unavailable)
Stlth    ++++++++..             (no amulet)
Regen    0.2/turn               c - +3 ring of intelligence
MPRegen  0.2/turn               g - +2 ring of protection

@: quick
A: no armour, no weapons or thrown items, stealth, claws 1, fangs 3, see
invisible, carnivore 3, speed 1, shaggy fur 2, slow metabolism 1, sharp paws
a: Stomp, Line Pass, Renounce Religion


You were in the Dungeon.
You worshipped Uskayaw.
Uskayaw was aware of your devotion.
You were not hungry.

You visited 1 branch You collected 1550 gold pieces.

Inventory:

Jewellery
 c - a +3 ring of intelligence (left paw)
 g - a +2 ring of protection (right paw)
Wands
 i - a wand of lightning (7/15)
Scrolls
 h - 4 scrolls of blinking
 j - 3 scrolls of remove curse
 k - 2 scrolls of amnesia
 n - a scroll of identify
Potions
 a - 2 potions of might
 d - a potion of heal wounds
 f - 4 potions of magic
 m - 5 potions of curing
Comestibles
 b - 13 meat rations


   Skills:
 * Level 11.3 Fighting
 * Level 14.1 Dodging
 * Level 20.3 Stealth
 * Level 15.5 Unarmed Combat
 * Level 10.9 Invocations


You had 9 spell levels left.
You didn't know any spells.

Dungeon Overview and Level Annotations

Branches:
Dungeon (1/1)

Altars:
Cheibriados
Dithmenos
Elyvilon
Fedhas
Gozag
Hepliaklqana
Kikubaaqudgha
Makhleb
Nemelex Xobeh
Okawaru
Qazlal
Ru
Sif Muna
Trog
Uskayaw
Vehumet
Xom
Yredelemnul
Zin
The Shining One
Beogh
Jiyva
Lugonu

Shops:
D (:[*


Innate Abilities, Weirdness & Mutations

You cannot wear armour.
You are incapable of wielding weapons or throwing items.
Your paws allow you to move quietly. (Stealth)
You have sharp claws.
You have razor-sharp teeth.
You have supernaturally acute eyesight. (SInv)
You are carnivorous and can eat meat at any time.
You cover ground quickly.
You are covered in thick fur. (AC +2)
You have a slow metabolism.
Your sharp claws are effective at attacking unaware monsters.


Message History

The orc high priest is lightly wounded.
The orc high priest hits you with a battleaxe.
* * * LOW HITPOINT WARNING * * *
Aiming: Line Pass
Press: ? - help, Dir - move target cursor The orc high priest appears confused.
The orc priest appears confused.
You feel somewhat more hungry.
The orc priest hits the orc high priest with a hand axe.
The orc priest completely misses you.
You mangle the orc priest!!
You kill the orc priest!
The orc high priest is no longer sharing its pain.
The orc high priest seems less confused.
Things that are here:
a hand axe; 50 gold pieces; an orc corpse You mangle the orc high priest!!
Your bite misses the orc high priest.
The orc high priest is severely wounded.
The orc high priest calls down the wrath of Beogh upon you.
Pain shoots through your body!
You die...

,*,*,*,*,*,*,*,*,▓.▓'▓.▓)▓
,*,*,*,*,*,*,*,*,▓.▓.▓.▓.▓
,*,*,*,*,*,*,*,*,▓.▓.▓.▓)▓
,*,*,*,*,*,*,*,*,▓.▓[▓.▓)▓
,*,*,*,*,*,*,*,*,▓.▓[▓.▓.▓
,*,*+*,*,*,*+*,▓+▓.▓[▓.▓'▓
+*,*,*,*,*,*,*,▓$▓.▓[▓.▓.▓
,*,*,*,*,*,*,*,▓$▓.▓.▓.▓.▓
,*,*,*,*+*,*,*,▓@▓.▓%▓.▓.▓
,*,*,*,*,*,*,*,▓o▓.▓'▓.▓.▓
,*,*,*,*,*,*,*,▓)▓.▓.▓.▓.▓
,*,*,*,*,*,*,*,▓∩▓.▓[▓.▓)▓
,*,*,*,*,*,*,*,▓.▓.▓.▓.▓'▓
,*,*,*,*,*,*,*,▓∩▓.▓.▓.▓.▓
,*,*,*,*,*,*,*,▓.▓.▓.▓.▓.▓
,*,*,*,*,*,*,*,▓∩▓.▓.▓.▓[▓
,*,*,*,*,*,*,*,▓$▓.▓.▓.▓[▓


You could see an orc high priest.

Vanquished Creatures
  A two-headed ogre (D)
  5 orc high priests (D)
  2 lindwurms (D)
  4 orc knights (D)
  An elephant (D)
  A black mamba (D)
  2 spiny frogs (D)
  A gargoyle (D)
  A troll (D)
  2 tyrant leeches (D)
  A polar bear (D)
  A hippogriff (D)
  A wyvern (D)
  A yak (D)
  A basilisk (D)
  2 water moccasins (D)
  2 porcupines (D)
  8 orc warriors (D)
  A wolf (D)
  An ogre (D)
  2 crocodiles (D)
  5 bullfrogs (D)
  2 crimson imps (D)
  10 orc priests (D)
  4 orc wizards (D)
  2 iguanas (D)
  A gnoll (D)
  An adder zombie (D)
  4 worms (D)
  A leopard gecko (D)
  7 orcs (D)
  A goblin (D)
  A hobgoblin (D)
  2 frilled lizards (D)
  A giant cockroach zombie (D)
  A leopard gecko skeleton (D)
84 creatures vanquished.

Notes
Turn   | Place    | Note
-------+----------+-------------------------------------------
     0 | D        | Groucho the Felid Fighter began the quest for the Orb.
     0 | D        | Reached XP level 1. HP: 10/10 MP: 2/2
     5 | D        | Banished a spatial maelstrom
    10 | D        | Reached skill level 4 in Stealth
    10 | D        | Reached XP level 2. HP: 14/14 MP: 3/3
    12 | D        | Reached skill level 5 in Unarmed Combat
   277 | D        | Noticed a crimson imp
   282 | D        | Killed a crimson imp
   282 | D        | Reached skill level 7 in Stealth
   282 | D        | Reached XP level 3. HP: 12/17 MP: 4/4
   301 | D        | Reached skill level 8 in Stealth
   301 | D        | Reached XP level 4. HP: 3/21 MP: 5/5
   302 | D        | Slain by a worker ant
   303 | D        | Reached XP level 3. HP: -1/17 MP: 4/4
   378 | D        | Noticed a lindwurm
   379 | D        | Noticed a tyrant leech
   380 | D        | Noticed a lindwurm
   382 | D        | Noticed a tyrant leech
   386 | D        | Killed a lindwurm
   386 | D        | Reached skill level 14 in Stealth
   386 | D        | Reached XP level 4. HP: 21/21 MP: 5/5
   386 | D        | Reached XP level 5. HP: 24/24 MP: 6/6
   386 | D        | Gained mutation: You are covered in thick fur. (AC +2) [Felid growth]
   386 | D        | Reached XP level 6. HP: 28/28 MP: 7/7
   395 | D        | Killed a tyrant leech
   395 | D        | Reached skill level 15 in Stealth
   395 | D        | Reached XP level 7. HP: 11/31 MP: 8/8
   399 | D        | Killed from afar by a lindwurm
   400 | D        | Reached XP level 6. HP: -29/42 MP: 7/7
   419 | D        | Found a glowing golden altar of the Shining One.
   419 | D        | Found a glowing silver altar of Zin.
   419 | D        | Found a basalt altar of Yredelemnul.
   419 | D        | Found a shimmering altar of Xom.
   419 | D        | Found a radiant altar of Vehumet.
   420 | D        | Found a hide-covered altar of Uskayaw.
   421 | D        | Found a bloodstained altar of Trog.
   422 | D        | Found a deep blue altar of Sif Muna.
   423 | D        | Found a sacrificial altar of Ru.
   424 | D        | Found a stormy altar of Qazlal.
   425 | D        | Found an iron altar of Okawaru.
   426 | D        | Found a sparkling altar of Nemelex Xobeh.
   427 | D        | Found a burning altar of Makhleb.
   428 | D        | Became a worshipper of Uskayaw the Reveler
   447 | D        | Noticed a hippogriff
   447 | D        | Noticed a two-headed ogre
   447 | D        | Noticed a yak
   451 | D        | Reached * piety under Uskayaw
   453 | D        | Killed a yak
   453 | D        | Reached skill level 1 in Invocations
   453 | D        | Reached ** piety under Uskayaw
   457 | D        | Reached *** piety under Uskayaw
   459 | D        | Killed a two-headed ogre
   459 | D        | Reached skill level 5 in Fighting
   459 | D        | Reached skill level 16 in Stealth
   459 | D        | Reached XP level 7. HP: 33/33 MP: 7/11
   459 | D        | Reached XP level 8. HP: 37/37 MP: 7/12
   464 | D        | Reached **** piety under Uskayaw
   465 | D        | Killed a hippogriff
   469 | D        | Noticed a troll
   469 | D        | Noticed a gargoyle
   471 | D        | Reached ***** piety under Uskayaw
   476 | D        | Killed a gargoyle
   476 | D        | Reached skill level 17 in Stealth
   476 | D        | Reached skill level 5 in Invocations
   479 | D        | Killed a troll
   479 | D        | Reached XP level 9. HP: 42/42 MP: 8/14
   479 | D        | Reached ****** piety under Uskayaw
   585 | D        | Noticed a spiny frog
   585 | D        | Noticed a spiny frog
   586 | D        | Noticed a black mamba
   587 | D        | Killed a spiny frog
   596 | D        | Killed a spiny frog
   601 | D        | Reached skill level 10 in Dodging
   607 | D        | Killed a black mamba
   607 | D        | Reached skill level 18 in Stealth
  1071 | D        | Noticed a polar bear
  1074 | D        | Noticed an elephant
  1078 | D        | Killed a polar bear
  1078 | D        | Reached XP level 10. HP: 41/49 MP: 16/16
  1102 | D        | Killed an elephant
  1261 | D        | Killed a lindwurm
  1357 | D        | Noticed an orc knight
  1404 | D        | Killed an orc knight
  1404 | D        | Reached skill level 19 in Stealth
  1663 | D        | Noticed an orc knight
  1663 | D        | Noticed an orc knight
  1678 | D        | Noticed an orc knight
  1719 | D        | HP: 1/50 [orc knight/war axe (17)]
  2196 | D        | Found a corrupted altar of Lugonu.
  2197 | D        | Found an ancient bone altar of Kikubaaqudgha.
  2198 | D        | Found a viscous altar of Jiyva.
  2199 | D        | Found a hazy altar of Hepliaklqana.
  2200 | D        | Found an opulent altar of Gozag.
  2201 | D        | Found a blossoming altar of Fedhas.
  2202 | D        | Found a white marble altar of Elyvilon.
  2203 | D        | Found a shadowy altar of Dithmenos.
  2204 | D        | Found a snail-covered altar of Cheibriados.
  2205 | D        | Found a roughly hewn altar of Beogh.
  2414 | D        | Killed an orc knight
  2426 | D        | Killed an orc knight
  2426 | D        | Reached skill level 10 in Fighting
  2717 | D        | Killed an orc knight
  2717 | D        | Reached skill level 15 in Unarmed Combat
  2833 | D        | Reached XP level 11. HP: 36/55 MP: 19/19
  3134 | D        | Found Ypaixkog's Assorted Antiques.
  3134 | D        | Noticed an orc high priest
  3134 | D        | Noticed an orc high priest
  3134 | D        | Noticed an orc high priest
  3136 | D        | Killed an orc high priest
  3136 | D        | Reached skill level 10 in Invocations
  3150 | D        | Found Wyut's Antique Armour Shop.
  3151 | D        | Noticed a soul eater
  3160 | D        | Killed an orc high priest
  3169 | D        | Killed from afar by an orc priest
  3170 | D        | Reached XP level 10. HP: -7/51 MP: 18/18
  3380 | D        | Killed an orc high priest
  3380 | D        | Reached skill level 20 in Stealth
  3422 | D        | Found Ceum's Book Boutique.
  3426 | D        | Found Kaef's Weapon Shop.
  3428 | D        | Noticed an orc high priest
  3430 | D        | Noticed an orc high priest
  3431 | D        | Noticed an orc high priest
  3435 | D        | Killed an orc high priest
  3443 | D        | Killed an orc high priest
  3449 | D        | Killed from afar by an orc high priest

Skill      XL: |  1  2  3  4  5  6  7  8  9 10 11 |
---------------+----------------------------------+-----
Stealth        | 4 7 14 16 17 18 20 | 20.3
Unarmed Combat | 6 11 12 13 14 15 | 15.5
Invocations    | 4 5 7 9 10 | 10.9
Fighting       | 5 6 8 11 | 11.3
Dodging        | 7 8 11 14 | 14.1

Action                   |  1- 3 |  4- 6 |  7- 9 | 10-12 || total
-------------------------+-------+-------+-------+-------++-------
Melee: Unarmed           |    39 |    17 |    42 |   214 ||   312
       Bite              |     1 |     1 |     5 |    25 ||    32
       Punch             |       |       |     2 |    13 ||    15
Invok: Line Pass         |       |       |       |     6 ||     6
       Stomp             |       |       |       |     1 ||     1
  Use: Potion            |     1 |     4 |     1 |     6 ||    12
       Scroll            |       |       |       |     1 ||     1
 Stab: Sleeping          |     2 |       |     3 |     5 ||    10
       Invisible         |       |     2 |     3 |       ||     5
       Paralysed         |       |     1 |     2 |     9 ||    12
       Distracted        |       |       |     1 |     2 ||     3
       Confused          |       |       |       |     1 ||     1
  Eat: Chunk             |       |       |       |     2 ||     2
       Royal jelly       |       |       |       |     1 ||     1
Armor: Skin              |       |       |     1 |     2 ||     3
Dodge: Dodged            |    20 |     9 |    17 |   133 ||   179
